 Dungeon Crawl Stone Soup version bcrawl-1.28.1b (webtiles) character file.

Game seed: 10278274580976048203

439229 Morbidden the Devastator (level 15, -10/88 HPs)
             Began as an Avariel Conjurer on Dec 16, 2020.
             Was a High Priest of Vehumet.
             Mangled by an ironbrand convoker
             ... wielding a +0 great mace
              (21 damage)
             ... on level 1 of the Vaults.
             The game lasted 00:44:16 (23335 turns).

Morbidden the Devastator (Avariel Conjurer)        Turns: 23335, Time: 00:44:17

Health: -10/88     AC: 16    Str: 13    XL:     15   Next: 35%
Magic:  26/36      EV: 19    Int: 28    God:    Vehumet [*****.]
Gold:   2043       SH: 11    Dex: 13    Spells: 22/45 levels left

rFire    . . .     SeeInvis .   a - +2 Maxwell's thermic engine {flame, freeze}
rCold    + . .     Gourm    .   N - +0 buckler
rNeg     . . .     Faith    .   B - +4 troll leather armour {Snorg}
rPois    .         Spirit   .   y - +1 helmet
rElec    .         Reflect  +   q - +1 cloak
rCorr    .         Harm     .   C - +1 pair of gloves
MR       +....                  Z - +0 pair of boots
Stlth    +++.......             O - +3 amulet of reflection
HPRegen  0.64/turn              K - ring of protection from cold
MPRegen  0.25/turn              V - +7 ring of strength

@: flying quickly and evasively, very slightly contaminated, quick
A: able to fly
a: Stop Flying, Renounce Religion


You were on level 1 of the Vaults.
You worshipped Vehumet.
Vehumet was extremely pleased with you.
You were near starving.

You visited 7 branches of the dungeon, and saw 23 of its levels.
You also visited: Ossuary.

You collected 3539 gold pieces.
You spent 1496 gold pieces at shops.

Inventory:

Hand Weapons
 a - the +2 Maxwell's thermic engine (weapon) {flame, freeze}
   (You bought it in a shop on level 4 of the Dungeon)

   It has been specially enchanted to surge with flame as it hits, increasing
   damage dealt by approximately one third against foes not resistant or
   susceptible to fire.
   Its heat also prevents any hydra heads it cuts off from regrowing.
 U - the +9 broad axe of the Ancient Suns {holy, *Drain rF+ MR+ Int+4}
   (You found it on level 6 of the Lair of Beasts)

   It has been blessed by the Shining One to cause great damage to the undead
   and demons.
   It affects your intelligence (+4).
   It protects you from fire.
   It affects your resistance to hostile enchantments.
   It causes draining when unequipped.
Missiles
 l - 667 poisoned tomahawks (quivered)
 I - 157 javelins
Armour
 q - a +1 cloak (worn)
 y - a +1 helmet (worn)
 B - a +4 troll leather armour (worn) {Snorg}
 C - a +1 pair of gloves (worn)
 N - a +0 buckler (worn)
 W - +0 fire dragon scales
 Z - a +0 pair of boots (worn)
Magical Staves
 b - an uncursed staff of conjuration
Jewellery
 s - an uncursed ring of insulation
 K - a ring of protection from cold (left hand)
 O - a +3 amulet of reflection (around neck)
 V - a +7 ring of strength (right hand)
Wands
 n - a wand of paralysis (8)
 o - a wand of clouds (2)
 D - a wand of disintegration (31)
 J - a wand of acid (16)
 L - a wand of random effects (19)
 Q - a wand of flame (47)
 T - a wand of enslavement (8)
 X - a wand of digging (3)
Scrolls
 d - a scroll of silence
 f - 9 scrolls of amnesia
 h - 9 scrolls of teleportation
 k - 15 scrolls of remove curse
 m - 3 scrolls of identify
 r - 3 scrolls of magic mapping
 x - 2 scrolls of blinking
 E - 2 scrolls of fear
 F - a scroll of immolation
 H - 2 scrolls of summoning
 R - a scroll of fog
 S - 6 scrolls of enchant weapon
Potions
 c - a potion of magic
 g - 6 potions of curing
 i - 5 potions of heal wounds
 j - 7 potions of degeneration {unknown}
 p - 4 potions of mutation {unknown}
 t - 5 potions of haste {unknown}
 u - 5 potions of might {unknown}
 v - 5 potions of brilliance {unknown}
 w - 5 potions of agility {unknown}
 z - 3 potions of invisibility {unknown}
 A - 5 potions of flight
 G - 2 potions of lignification {unknown}
 M - 2 potions of ambrosia {unknown}
 P - a potion of cancellation
Comestibles
 e - 36 rations {!d}


   Skills:
 * Level 7.9 Fighting
 * Level 7.9 Long Blades
   Level 2.2 Polearms
 + Level 2.5 Throwing
 + Level 4.8 Armour
 * Level 9.5 Dodging
 + Level 4.7 Stealth
 * Level 5.8 Shields
 * Level 15.7 Spellcasting
 * Level 17.6 Conjurations
 + Level 2.0 Translocations
 * Level 5.7 Transmutations
 * Level 3.8 Poison Magic
 + Level 1.5 Evocations


You had 22 spell levels left.
You knew the following spells:

 Your Spells              Type           Power        Failure   Level  Hunger
a - Iskenderun's Mystic   Conj           #######.     0%          3    None
b - Searing Ray           Conj           #######.     0%          2    None
c - Iron Shot             Conj/Erth      ######....   5%          6    ##.....
d - Blink                 Tloc           N/A          3%          2    None
e - Irradiate             Conj/Tmut      ######....   1%          5    None
f - Olgreb's Toxic Radia  Pois           #####....    11%         4    None
g - Magic Dart            Conj           ####         0%          1    None

Your spell library contained the following spells:

 Spells                   Type           Power        Failure   Level  Hunger
 Sting                    Conj/Pois      ####         1%          1    None
 Conjure Flame            Conj/Fire      ######..     1%          3    None
 Ignite Poison            Fire/Tmut/Pois #####...     1%          3    None
 Mephitic Cloud           Conj/Pois/Air  ######..     1%          3    None
 Fulminant Prism          Conj/Hex       ######....   1%          4    None
 Venom Bolt               Conj/Pois      ######....   1%          5    None
 Spider Form              Tmut/Pois      ###          2%          3    None
 Poisonous Vapours        Pois/Air       ####..       3%          2    None
 Summon Small Mammal      Summ           ###.         4%          1    None
 Call Imp                 Summ           ###...       8%          2    None
 Call Canine Familiar     Summ           ###.....     16%         3    None
 Summon Scorpions         Summ/Pois      ####....     22%         4    None
 Summon Ice Beast         Ice/Summ       ###.....     45%         4    None
 Summon Lightning Spire   Summ/Air       ###.....     80%         5    None


Dungeon Overview and Level Annotations

Branches:
Dungeon (12/12)            Temple (1/1) D:4            Lair (6/6) D:7
 Shoals (0/3) Lair:4       Spider (1/3) Lair:4        Slime (0/5) Lair:5
    Orc (1/1) D:11            Elf (0/3) Orc          Vaults (1/3) D:12
  Crypt (0/2) Vaults:1     Depths (1/5) D:12

Altars:
Ashenzari
Cheibriados
Dithmenos
Elyvilon
Fedhas
Gozag
Hepliaklqana
Kikubaaqudgha
Lugonu
Makhleb
Nemelex Xobeh
Okawaru
Qazlal
Ru
Sif Muna
Trog
Uskayaw
Vehumet
Wu Jian
Xom
Yredelemnul
Zin
The Shining One
Jiyva

Shops:
D:4 (   D:5 !   D:6 :   Orc }([[

Portals:
Bazaar: Vaults:1
Trove: D:12 (give +3 storm dragon scales)

Annotations:
D:4 Pikel
D:5 3 runed translucent doors, Quickbrownfox's ghost, novice MiSA
Lair:1 1 runed translucent door, yrara's ghost, journeyman DsFi


Innate Abilities, Weirdness & Mutations

You can fly continuously.


Message History

Aiming: Cloud Cone
Press: ? - help, Dir - move target cursor, f - ironbrand convoker
Aim: an ironbrand convoker, wielding a +0 great mace and wearing a +0 scale mail (catching its breath)
You create a blast of poison gas!
The ironbrand convoker is poisoned.
No path to travel!
No path to travel!
No path to travel!
The ironbrand convoker is engulfed in poison gas.
The ironbrand convoker is poisoned.
You block the ironbrand convoker's attack.
The vault warden is engulfed in noxious fumes.
The vault warden appears confused.
The ironbrand convoker looks more poisoned.
No path to travel!
The ironbrand convoker is engulfed in poison gas.
The ironbrand convoker looks more poisoned.
The ironbrand convoker hits you with a +0 great mace!
* * * LOW HITPOINT WARNING * * *
The ironbrand convoker hits you with a +0 great mace!!
You die...

*,,*************************,,,,
*,,,,,,,,,,,,,,,,,,,,,,,,,,,,,,,
*,,,,,,,,,,,,,,,,,,,,....,,,,,,,
*,,,,,,,,,,,,,,,,,,,....,,,,,,,,
*,,,,,,,,,,,,,,,,,,,...,,,,,,,,,
*,,***********#######'#*********
*,,* #....§§.# *,,* #...§§§.#
*,,* #@p§§§§.# *,,* #Jp§§§..#
*,,* #p##.##.# *,,* #.#J..#.#
*,,* #.§.∩...# *,,* ###...#.#
*,,* ##.##.#
*,,**********#####....##########
*,,,,,,,,,,,............J...C...


You could see a vault warden (confused), a slime creature and 2 ironbrand
convokers.

Vanquished Creatures
  Jorgrun (D:12)
  Urug (D:10)
  Snorg (Lair:4)
  A yaktaur captain (D:12)
  A fire dragon (D:12)
  9 hydras
  A vault guard (D:12)
  An ice dragon (D:12)
  4 catoblepae
  3 centaur warriors
  5 two-headed ogres
  8 death yaks
  A tengu warrior (D:9)
  An orc high priest (Orc)
  Nergalle (D:10)
  An unseen horror (D:11)
  A wizard (Vaults:1)
  An orc knight (D:12)
  2 wolf spiders
  An orb spider (shapeshifter) (Vaults:1)
  2 manticores (Lair:6)
  5 orc sorcerers (Orc)
  An elephant (D:7)
  8 black mambas
  An ice statue (D:8)
  A molten gargoyle (Lair:3)
  4 cane toads
  4 komodo dragons
  A freezing wraith (Vaults:1)
  2 tengu conjurers
  5 trolls
  A hornet (D:12)
  A queen bee (shapeshifter) (D:11)
  A jumping spider (Lair:4)
  3 meliai (D:12)
  A queen bee (D:12)
  2 polar bears
  3 slime creatures
  20 blink frogs
  6 dream sheep
  9 hippogriffs
  A spriggan (Lair:3)
  Sigmund (D:2)
  A redback (Lair:4)
  A shadow (D:11)
  35 yaks
  4 basilisks
  15 humans
  A hungry ghost (D:10)
  2 steam dragons (Lair:4)
  An acid dragon (D:7)
  3 soldier ants
  Duvessa (D:4)
  8 crocodiles
  7 water moccasins
  7 porcupines
  18 orc warriors
  A slave (D:7)
  An ice beast (D:5)
  A necrophage (D:10)
  3 black bears
  An eye of draining (D:11)
  5 boggarts (Vaults:1)
  13 centaurs
  8 ogres
  8 wolves
  10 bullfrogs
  3 big kobolds (D:8)
  Dowan (D:4)
  5 scorpions (Lair:4)
  5 wights (D:9)
  18 killer bees
  2 howler monkeys
  3 electric eels
  5 crimson imps
  4 centaur zombies
  A lava snake (Lair:3)
  8 hounds
  Crazy Yiuf (D:3)
  19 orc priests
  2 centaur skeletons
  3 iguanas
  10 worker ants
  22 orc wizards
  A big kobold zombie (Ossuary)
  8 mummies (Ossuary)
  A worker ant zombie (D:5)
  Robin (D:3)
  6 adders
  5 gnolls
  5 shadow imps
  5 worms
  A dart slug (D:1)
  3 leopard geckos
  25 orcs
  2 bats (D:1)
  4 giant cockroaches
  11 hobgoblins
  A jackal (D:1)
  6 kobolds
  3 quokkas
  2 ball pythons
  7 frilled lizards
  A gnoll zombie (Ossuary)
  8 goblins
  2 hobgoblin zombies (Ossuary)
  2 kobold zombies (Ossuary)
  2 orc zombies (Ossuary)
  2 rats (D:2)
  2 fungi
  7 plants
518 creatures vanquished.

Vanquished Creatures (others)
  Nessos (D:12)
  5 slime creatures (D:10)
  A human (D:12)
  4 fungi
  19 plants
30 creatures vanquished.

Grand Total: 548 creatures vanquished

Notes
Turn   | Place    | Note
-------+----------+-------------------------------------------
     0 | D:1      | Morbidden the Avariel Conjurer began the quest for the Orb.
     0 | D:1      | Reached XP level 1. HP: 10/10 MP: 6/6
   172 | D:1      | Reached XP level 2. HP: 16/16 MP: 5/7
   214 | D:1      | Learned a level 2 spell: Searing Ray
   332 | D:1      | Reached skill level 6 in Conjurations
   433 | D:1      | Reached XP level 3. HP: 20/20 MP: 3/9
   713 | D:2      | Found a faded altar of an unknown god.
   736 | D:2      | Noticed Sigmund
   759 | D:2      | Learned a level 3 spell: Iskenderun's Mystic Blast
   788 | D:2      | Killed Sigmund
   789 | D:2      | Reached skill level 1 in Fighting
   789 | D:2      | Reached skill level 7 in Conjurations
   789 | D:2      | Reached XP level 4. HP: 14/25 MP: 2/11
   789 | D:2      | Reached XP level 5. HP: 16/29 MP: 2/12
   966 | D:2      | Reached XP level 6. HP: 27/34 MP: 6/14
  1159 | D:2      | Found a sacrificial altar of Ru.
  1432 | D:3      | Reached skill level 8 in Conjurations
  1470 | D:3      | Found a runed door.
  2418 | D:3      | Noticed Robin
  2457 | D:3      | Killed Robin
  2595 | D:3      | Noticed Crazy Yiuf
  2599 | D:3      | Killed Crazy Yiuf
  2600 | D:3      | Reached XP level 7. HP: 40/40 MP: 9/15
  2661 | D:4      | Noticed Dowan
  2662 | D:4      | Noticed Pikel
  2664 | D:4      | Noticed Duvessa
  2836 | D:4      | Reached skill level 1 in Polearms
  2898 | D:4      | Found a staircase to the Ecumenical Temple.
  2907 | Temple   | Entered the Ecumenical Temple
  3020 | Temple   | Became a worshipper of Vehumet
  3064 | D:4      | Killed Duvessa
  3065 | D:4      | Reached skill level 5 in Spellcasting
  3129 | D:4      | Killed Dowan
  3384 | D:4      | Found Plog's Antique Weapon Boutique.
  3915 | D:5      | Entered Level 5 of the Dungeon
  4000 | D:5      | Reached skill level 9 in Conjurations
  4067 | D:5      | Reached XP level 8. HP: 45/45 MP: 11/18
  4130 | D:5      | Found a runed translucent gate.
  4133 | D:5      | Found a runed translucent gate.
  4134 | D:5      | Found a runed translucent gate.
  4135 | D:5      | Noticed Quickbrownfox's ghost (novice MiSA)
  4144 | D:5      | Learned a level 2 spell: Blink
  4534 | D:5      | Found Xesui's Distillery.
  4997 | D:6      | Reached * piety under Vehumet
  4997 | D:6      | Offered knowledge of Shock by Vehumet.
  4999 | D:6      | Reached skill level 1 in Armour
  5260 | D:6      | Found Rici's Book Shoppe.
  5423 | D:6      | Reached skill level 1 in Translocations
  5777 | D:7      | Reached skill level 10 in Conjurations
  5866 | D:7      | Noticed a yak
  5867 | D:7      | Gained mutation: You can fly continuously. [Avariel growth]
  5867 | D:7      | Reached XP level 9. HP: 51/51 MP: 15/21
  5867 | D:7      | Noticed an elephant
  5931 | D:7      | Killed an elephant
  5932 | D:7      | Reached skill level 1 in Throwing
  6139 | D:7      | Noticed a two-headed ogre
  6142 | D:7      | Killed a two-headed ogre
  6143 | D:7      | Reached skill level 5 in Dodging
  6143 | D:7      | Reached skill level 11 in Conjurations
  6236 | D:7      | Reached XP level 10. HP: 57/57 MP: 14/24
  6300 | D:7      | Found a staircase to the Lair.
  6407 | D:7      | Got a crude buckler
  6408 | D:7      | Identified the -6 buckler of Grot {rC- MR+ Str+3} (You
                  | found it on level 7 of the Dungeon)
  6865 | D:7      | Found a hazy altar of Hepliaklqana.
  6890 | D:7      | Reached skill level 12 in Conjurations
  6980 | D:8      | Found a sand-covered staircase.
  6987 | Ossuary  | Entered an ossuary
  6997 | Ossuary  | Offered knowledge of Throw Frost by Vehumet.
  7004 | Ossuary  | Reached ** piety under Vehumet
  7547 | D:8      | Got a scorched iron amulet
  7553 | D:8      | Identified the cursed amulet of Midnight {Inacc +Fly rElec
                  | Int+4 Stlth-} (You found it on level 8 of the Dungeon)
  7691 | D:8      | Found a glowing golden altar of the Shining One.
  7779 | D:8      | Noticed an ice statue
  7784 | D:8      | Killed an ice statue
  8170 | D:8      | Reached skill level 1 in Evocations
  8240 | D:8      | Reached skill level 5 in Fighting
  8243 | D:8      | Reached skill level 10 in Spellcasting
  8334 | D:8      | Noticed a three-headed hydra
  8340 | D:8      | Reached skill level 1 in Long Blades
  8340 | D:8      | Reached XP level 11. HP: 47/64 MP: 13/27
  8340 | D:8      | Killed a three-headed hydra
  8341 | D:8      | Reached skill level 13 in Conjurations
  8425 | D:9      | Found a white marble altar of Elyvilon.
  8430 | D:9      | Noticed a two-headed ogre
  8433 | D:9      | Killed a two-headed ogre
  8440 | D:9      | Learned a level 5 spell: Irradiate
  8790 | D:9      | Noticed a tengu warrior
  8794 | D:9      | Killed a tengu warrior
  9029 | D:10     | Entered Level 10 of the Dungeon
  9057 | D:10     | Noticed Urug
  9061 | D:10     | Killed Urug
  9221 | D:10     | Offered knowledge of Stone Arrow by Vehumet.
  9329 | D:10     | Reached skill level 1 in Transmutations
  9437 | D:10     | Noticed Nergalle
  9442 | D:10     | Killed Nergalle
  9446 | D:10     | Reached skill level 14 in Conjurations
  9572 | D:10     | Reached *** piety under Vehumet
  9910 | D:11     | Reached XP level 12. HP: 51/69 MP: 25/29
  9994 | D:11     | Found a staircase to the Orcish Mines.
 10355 | D:11     | Noticed a four-headed hydra
 10358 | D:11     | Killed a four-headed hydra
 10385 | D:11     | Got a fine war axe
 10763 | D:11     | Reached skill level 1 in Shields
 11092 | Lair:1   | Entered Level 1 of the Lair of Beasts
 11194 | Lair:1   | Offered knowledge of Sticky Flame by Vehumet.
 11308 | Lair:1   | Reached skill level 15 in Conjurations
 11385 | Lair:1   | Identified the +4 war axe "Beetlebane" {venom, Str+4 Int+2}
                  | (You found it on level 11 of the Dungeon)
 11646 | Lair:1   | Found a runed translucent door.
 11648 | Lair:1   | Noticed yrara's ghost (journeyman DsFi)
 13129 | Lair:2   | Reached **** piety under Vehumet
 13130 | Lair:2   | Reached XP level 13. HP: 75/75 MP: 22/32
 14028 | Lair:3   | Offered knowledge of Inner Flame by Vehumet.
 14180 | Lair:4   | Found a staircase to the Shoals.
 14613 | Lair:4   | Noticed Snorg
 14619 | Lair:4   | Killed Snorg
 14822 | Lair:4   | Found a hole to the Spider Nest.
 14866 | Lair:4   | Reached skill level 5 in Long Blades
 14866 | Lair:4   | Reached skill level 16 in Conjurations
 15508 | D:4      | Bought the +2 Maxwell's thermic engine {flame, freeze} for
                  | 1496 gold pieces
 15508 | D:4      | Found the +2 Maxwell's thermic engine {flame, freeze}
 15730 | Lair:5   | Found a staircase to the Slime Pits.
 15731 | Lair:5   | Found a viscous altar of Jiyva.
 15895 | Lair:5   | Reached ***** piety under Vehumet
 16171 | Lair:5   | Offered knowledge of Icicle Burst by Vehumet.
 16664 | Lair:6   | Entered Level 6 of the Lair of Beasts
 16697 | Lair:6   | Found a stormy altar of Qazlal.
 16886 | Lair:6   | Reached XP level 14. HP: 44/82 MP: 4/34
 17166 | Lair:6   | Learned a level 4 spell: Olgreb's Toxic Radiance
 17591 | Lair:6   | Identified the cursed +0 scale mail of Sunlight {rElec}
                  | (You found it on level 6 of the Lair of Beasts)
 17628 | Lair:6   | Reached skill level 1 in Poison Magic
 18335 | Lair:6   | Identified the +9 broad axe of the Ancient Suns {holy,
                  | *Drain rF+ MR+ Int+4} (You found it on level 6 of the Lair
                  | of Beasts)
 18780 | D:12     | Entered Level 12 of the Dungeon
 18780 | D:12     | Found a gate to the Vaults.
 18780 | D:12     | Noticed Nessos
 18881 | D:12     | Noticed Jorgrun
 19117 | D:11     | Reached skill level 5 in Transmutations
 19394 | D:11     | Reached skill level 17 in Conjurations
 19939 | Orc      | Entered the Orcish Mines
 20292 | Orc      | Reached skill level 5 in Shields
 20360 | Orc      | Found a burning altar of Makhleb.
 20405 | Orc      | Reached skill level 15 in Spellcasting
 20409 | Orc      | Offered knowledge of Bolt of Draining by Vehumet.
 20709 | Orc      | Found a staircase to the Elven Halls.
 20958 | Orc      | Found Icyottic's Antique Armour Boutique.
 20958 | Orc      | Found Quyriryz's Gadget Shop.
 20962 | Orc      | Found Xiutt's Weapon Shop.
 21068 | Orc      | Found Yhiutoud's Antique Armour Boutique.
 21480 | Spider:1 | Entered Level 1 of the Spider Nest
 21509 | Spider:1 | Noticed an emperor scorpion
 21917 | D:12     | Killed Jorgrun
 21952 | D:12     | Reached XP level 15. HP: 73/88 MP: 19/36
 22091 | D:12     | Found a staircase to the Depths.
 22168 | D:12     | Killed Nessos
 22609 | D:12     | Offered knowledge of Iron Shot by Vehumet.
 22621 | D:12     | Learned a level 6 spell: Iron Shot
 22750 | D:12     | Found a portal to a secret trove of treasure.
 22964 | Depths:1 | Entered Level 1 of the Depths
 22978 | Depths:1 | Noticed a frost giant
 23049 | Vaults:1 | Entered Level 1 of the Vaults
 23050 | Vaults:1 | Identified a scroll of acquirement
 23050 | Vaults:1 | Identified the amulet of Obsession {Rage Int+2} (You
                  | acquired it on level 1 of the Vaults)
 23050 | Vaults:1 | Identified Tiz Jam's Volume of Shifting Arcane Weapons (You
                  | acquired it on level 1 of the Vaults)
 23305 | Vaults:1 | Found a flickering gateway to a bazaar.
 23327 | Vaults:1 | Noticed a vault warden
 23335 | Vaults:1 | Mangled by an ironbrand convoker

Skill      XL: |  1  2  3  4  5  6  7  8  9 10 11 12 13 14 15 |
---------------+----------------------------------------------+-----
Conjurations   | 6 7 8 9 10 11 12 14 15 16 17 | 17.6
Spellcasting   | 3 4 5 7 8 10 11 13 14 15 | 15.7
Fighting       | 1 2 3 4 5 6 7 |  7.9
Dodging        | 3 4 5 6 7 8 9 |  9.5
Polearms       | 1 2 |  2.2
Stealth        | 3 4 |  4.7
Armour         | 2 3 4 |  4.8
Translocations | 1 2 |  2.0
Throwing       | 1 2 |  2.5
Evocations     | 1 |  1.5
Long Blades    | 1 2 4 5 7 |  7.9
Transmutations | 2 3 4 5 |  5.7
Shields        | 2 4 5 |  5.8
Poison Magic   | 2 3 |  3.8

Action                   |  1- 3 |  4- 6 |  7- 9 | 10-12 | 13-15 || total
-------------------------+-------+-------+-------+-------+-------++-------
Melee: Scythe            |       |    11 |     9 |       |       ||    20
       Staff             |       |       |       |     1 |     3 ||     4
       Double sword      |       |       |       |       |   215 ||   215
Throw: Tomahawk          |     6 |       |     8 |     1 |     9 ||    24
 Cast: Magic Dart        |    31 |    35 |       |       |       ||    66
       Iskenderun's Myst |     3 |    13 |    92 |   248 |   407 ||   763
       Searing Ray       |       |     9 |     1 |     2 |       ||    12
       Irradiate         |       |       |       |     7 |     7 ||    14
       Olgreb's Toxic Ra |       |       |       |       |    10 ||    10
 Abil: Fly               |       |       |     1 |       |       ||     1
Evoke: Wand              |       |       |       |     7 |     4 ||    11
  Use: Potion            |     1 |       |       |       |     3 ||     4
       Scroll            |       |     4 |    10 |    12 |    14 ||    40
 Stab: Sleeping          |       |     1 |       |       |     1 ||     2
       Distracted        |       |       |       |       |     1 ||     1
       Paralysed         |       |       |       |       |     1 ||     1
  Eat: Chunk             |       |     9 |    18 |    25 |    35 ||    87
       Ration            |       |       |       |       |     2 ||     2
Armor: Robe              |       |     4 |       |       |       ||     4
       Leather armour    |       |       |     9 |     8 |     2 ||    19
       Steam dragon scal |       |       |       |       |    33 ||    33
       Troll leather arm |       |       |       |       |    82 ||    82
Dodge: Dodged            |     5 |    16 |    13 |    27 |   348 ||   409
Block: Buckler           |       |       |       |     5 |   255 ||   260
       Reflection        |       |       |       |       |    17 ||    17
